 Dungeon Crawl Stone Soup version 0.16.1-2-g95b8d4c (webtiles) character file.

121 Chiseanne the Caller (level 5, -8/35 HPs)
             Began as a Formicid Summoner on Mar 26, 2015.
             Mangled by an orc warrior
             ... wielding a cursed -2 dire flail
              (11 damage)
             ... on level 3 of the Dungeon.
             The game lasted 00:14:29 (4143 turns).

Chiseanne the Caller (Formicid Summoner)            Turns: 4143, Time: 00:14:30

Health: -8/35      AC:  3    Str: 13    XL:     5   Next: 26%
Magic:  1/14       EV: 11    Int: 15    God:
Gold:   154        SH:  0    Dex: 11    Spells: 3 memorised, 5 levels left

rFire  . . .     SeeInvis +     a - +0 war axe
rCold  . . .     Clarity  .     j - +0 leather armour
rNeg   . . .     SustAb   .     (no shield)
rPois  .         Gourm    .     (helmet unavailable)
rElec  .         Spirit   .     (no cloak)
rCorr  .         Warding  .     (no gloves)
rMut   .         Stasis   +     (no boots)
MR     .....                    (no amulet)
Stlth  ++........               (no ring)
                                (no ring)

@: flying, not resistant to hostile enchantments, unstealthy
A: permanent stasis, dig shafts and tunnels, four strong arms, antennae 3
a: Dig, Shaft Self


You were on level 3 of the Dungeon.
You were not hungry.

You visited 1 branch of the dungeon, and saw 3 of its levels.

You collected 154 gold pieces.

Inventory:

Hand weapons
 a - a +0 war axe (weapon)
Missiles
 d - a throwing net (quivered)
 k - 44 arrows
 l - 5 tomahawks
 n - 28 sling bullets
 q - 10 bolts
Armour
 j - a +0 leather armour (worn)
Magical devices
 r - a wand of random effects (15)
Scrolls
 i - 2 scrolls of remove curse
Potions
 e - a potion of haste {unknown}
 g - a potion of might {unknown}
 m - 2 potions of flight
 o - a potion of ambrosia {unknown}
Books
 b - a book of Callings

   Spells                             Type                      Level
   a - Summon Small Mammal            Summoning                    1
   b - Call Imp                       Summoning                    2
   c - Call Canine Familiar           Summoning                    3
   d - Summon Guardian Golem          Hexes/Summoning              4
   e - Summon Lightning Spire         Summoning/Air                4
   f - Summon Ice Beast               Ice/Summoning                4
Comestibles
 c - 3 bread rations
 f - 2 meat rations
 h - 2 royal jellies
 p - a chunk of flesh


   Skills:
 * Level 0.2 Armour
 - Level 1.7 Dodging
 - Level 2.4 Stealth
 * Level 3.8 Spellcasting
 * Level 5.2 Summonings


You had 5 spell levels left.
You knew the following spells:

 Your Spells              Type           Power        Failure   Level  Hunger
a - Summon Small Mammal   Summ           ###.         2%          1    None
b - Call Imp              Summ           ###.....     4%          2    ##.....
c - Call Canine Familiar  Summ           ###.....     10%         3    ###....


Dungeon Overview and Level Annotations

Branches:
Dungeon (3/15)

Altars:
Ashenzari


Innate Abilities, Weirdness & Mutations

You are under a permanent stasis effect.
You can dig through walls and to a lower floor.
Your four strong arms can wield two-handed weapons with a shield.
You have a pair of large antennae on your head (SInv).


Message History

The magic dart hits the orc warrior.
The orc warrior is severely wounded.
Evoking this partially-identified wand wasted a few charges.
Your crimson imp barely misses the orc warrior.
The orc warrior hits you with a dire flail!
* * * LOW HITPOINT WARNING * * *
Drink which item? (? for menu, Esc to quit)
It was a potion of flight.
You feel very buoyant.
You fly up into the air.
The orc warrior misses you.
Your crimson imp barely misses the orc warrior.
A kobold comes into view. It is wielding a blowgun.
Evoke which item? (* to show all) (? for menu, Esc to quit)
Zapping:
r - a wand of random effects {zapped: 11} (will waste charges)
Press: ? - help, Shift-Dir - straight line, f/p - orc warrior
Aim: an orc warrior, wielding a dire flail and wearing a plate armour (severely wounded, fast, slightly transparent)
The rock shatters into small pieces.
Evoking this partially-identified wand wasted a few charges.
The orc warrior hits you with a dire flail!
You die...

..###............#####.##....##
..###......#.<...### #.##.#..#
....'..............# #.##)#./#
..###......#.###...#
#.##.####### ..# ########.#
#.).# #.##.......# ###
#[###...# #.#####....#
#.......# #.# #(.((. #####...#
#.# #....# #@..# #.# ######
#o#.# #.# #5#.# #.#
######(#.###.# #....K.#...#.#
#5####.##...)# #.# #.##....#
#{# #.##....# #.####.###...#


You could see an orc warrior (invisible), a kobold and a friendly crimson imp.

Vanquished Creatures
  A ball python (D:1)
  6 goblins
  3 hobgoblins
  2 bats (D:3)
  3 giant cockroaches (D:1)
  A giant newt (D:3)
  A kobold (D:3)
  3 rats
20 creatures vanquished.

Vanquished Creatures (collateral kills)
  An orc priest (D:3)
  Jessica (D:2)
  4 gnolls (D:3)
  2 adders (D:2)
  A worm (D:2)
  2 giant geckos
  An ooze (D:3)
  2 orcs (D:3)
  2 giant cockroaches
  7 hobgoblins
  8 kobolds
  A ball python (D:2)
  8 bats
  A giant newt (D:1)
  11 goblins
  4 jackals (D:2)
  7 rats
63 creatures vanquished.

Vanquished Creatures (others)
  A crimson imp (D:3)
  3 hounds (D:3)
  A white imp (D:3)
  An orc (D:3)
  3 quokkas
  3 bats
  6 rats
18 creatures vanquished.

Grand Total: 101 creatures vanquished

Notes
Turn   | Place    | Note
--------------------------------------------------------------
     0 | D:1      | Chiseanne, the Formicid Summoner, began the quest for the Orb.
     0 | D:1      | Reached XP level 1. HP: 13/13 MP: 3/3
   381 | D:1      | Reached XP level 2. HP: 19/19 MP: 1/5
   523 | D:1      | Learned a level 2 spell: Call Imp
  1251 | D:1      | Reached XP level 3. HP: 20/24 MP: 0/7
  1903 | D:2      | Noticed Jessica
  1911 | D:2      | Killed Jessica
  2536 | D:2      | Reached XP level 4. HP: 30/30 MP: 2/9
  3049 | D:2      | Learned a level 3 spell: Call Canine Familiar
  3441 | D:3      | Reached skill level 5 in Summonings
  3603 | D:3      | Found a shattered altar of Ashenzari.
  3858 | D:3      | Reached XP level 5. HP: 35/35 MP: 0/13
  4093 | D:3      | Noticed an orc warrior
  4143 | D:3      | Mangled by an orc warrior

Action                   |  1- 3 |  4- 6 || total
-------------------------+-------+-------++-------
Melee: Club              |    44 |     6 ||    50
       Unarmed           |     4 |       ||     4
       War axe           |       |    17 ||    17
       Short sword       |       |     9 ||     9
 Cast: Summon Small Mamm |    34 |     9 ||    43
       Call Imp          |    27 |    25 ||    52
       Call Canine Famil |       |    11 ||    11
 Abil: Dig               |    23 |    13 ||    36
Evoke: Wand              |       |     5 ||     5
  Use: Scroll            |     2 |     4 ||     6
       Potion            |       |     1 ||     1
 Stab: Distracted        |     2 |       ||     2
  Eat: Chunk             |    11 |    11 ||    22
       Pizza             |     1 |       ||     1
